AoeStats
← ហេតុអ្វីអ្

Northern Isles

510926355Analyzed
1v1 RM · 9h ago on Oct 3, 2026· 28m 56s· 2 players
Game mode
Random Map
Map size
Tiny (2 player)
Population
200
Speed
Normal
Resources
Standard
Victory
Conquest
Starting age
Dark Age
Ending age
Imperial Age
RankedLock teamsTeams togetherTeam positionsShared explorationLock speedFull tech treeHidden civsTurbo modeCheats
Victory
Defeat
1604
+17
🇧🇷 Dravidians · Brazil
1629
-17
ហេតុអ្វីអ្
7:58 Loom
9:53 Feudal Age
10:13 Man-at-Arms
12:28 Town Watch
15:46 Arson
15:51 Fishing Lines
15:58 Double-Bit Axe
21:45 Castle Age
19:52 Fletching
20:54 Padded Archer Armor
22:06 Horse Collar
22:39 Bow Saw
24:16 Scale Mail Armor
26:50 Squires
Gkings
12:11 Feudal Age
12:43 Loom
13:59 Double-Bit Axe
15:39 Fishing Lines
21:58 Fletching
25:11 Castle Age
25:09 Gold Mining
26:07 Bow Saw
26:09 Medium Warships
25:49 Gillnets
26:59 Bodkin Arrow
Connection lost

Rejoining the realm…

Still unreachable

The connection could not be restored.

Session expired

The server has moved on; the page needs a fresh start.